 Dungeon Crawl Stone Soup version 0.24-b1 (webtiles) character file.

Game seed: 3272077839805878803, levelgen mode: deterministic

18160 HumanIsDead the Thaumaturge (level 12, -11/91 HPs)
             Began as a Human Earth Elementalist on Oct 11, 2019.
             Was a Priest of Sif Muna.
             Mangled by a seven-headed hydra (12 damage)
             ... on level 1 of the Lair of Beasts on Oct 12, 2019.
             The game lasted 01:08:01 (21511 turns).

HumanIsDead the Thaumaturge (HuEE)                 Turns: 21511, Time: 01:08:02

Health: -11/91     AC:  6    Str: 10    XL:     12   Next: 91%
Magic:  8/26       EV: 17    Int: 20    God:    Sif Muna [***...]
Gold:   565        SH:  5    Dex: 13    Spells: 15/31 levels left

rFire    . . .     SeeInvis .   M - +2 whip (elec)
rCold    + . .     Gourm    .   N - +0 buckler
rNeg     . . .     Faith    .   g - +0 leather armour
rPois    .         Spirit   .   n - +0 helmet
rElec    .         Reflect  .   (no cloak)
rCorr    .         Harm     .   (no gloves)
MR       .....                  s - +1 pair of boots
Stlth    +++.......             (no amulet)
HPRegen  0.25/turn              E - ring of stealth
MPRegen  0.20/turn              J - ring of protection from cold

@: no status effects
A: no striking features
a: Channel Magic, Forget Spell, Renounce Religion


You were on level 1 of the Lair of Beasts.
You worshipped Sif Muna.
Sif Muna was most pleased with you.
You were not hungry.

You visited 3 branches of the dungeon, and saw 14 of its levels.

You collected 565 gold pieces.

Inventory:

Hand Weapons
 m - a +2 dagger of venom
 H - a +0 hunting sling of freezing
 M - a +2 whip of electrocution (weapon)
 P - a +2 flail of holy wrath
Missiles
 b - 115 stones
 k - 122 sling bullets
 F - 2 throwing nets (quivered)
Armour
 g - a +0 leather armour (worn)
 n - a +0 helmet (worn)
 s - a +1 pair of boots (worn)
 N - a +0 buckler (worn)
Magical Staves
 q - an uncursed staff of death
Jewellery
 y - an uncursed ring of protection from fire
 E - a ring of stealth (left hand)
 J - a ring of protection from cold (right hand)
Wands
 r - a wand of polymorph (11)
 D - a wand of flame (44)
Scrolls
 a - 4 scrolls of fog
 c - a scroll of identify
 h - a scroll of holy word {unknown}
 i - 2 scrolls of enchant armour {unknown}
 j - 2 scrolls of teleportation
 o - 7 scrolls of remove curse
 p - 6 scrolls of enchant weapon
 u - a scroll of brand weapon {unknown}
 B - 2 scrolls of random uselessness {unknown}
 G - 3 scrolls of fear {unknown}
 K - a scroll of magic mapping {unknown}
 L - a scroll of immolation {unknown}
 O - a scroll of vulnerability {unknown}
Potions
 e - a potion of ambrosia
 f - 3 potions of curing
 l - 3 potions of flight
 v - a potion of lignification
 w - 3 potions of might
 x - 2 potions of heal wounds
 z - a potion of cancellation
 A - a potion of agility
 C - 2 potions of brilliance
 I - a potion of berserk rage
 S - a potion of resistance
Comestibles
 d - 20 rations


   Skills:
 + Level 7.4 Fighting
 - Level 10.0 Dodging
 - Level 2.0 Stealth
 - Level 4.0 Shields
 - Level 10.1 Spellcasting
 - Level 3.0 Transmutations
 - Level 10.0 Earth Magic
 + Level 6.5 Invocations


You had 15 spell levels left.
You knew the following spells:

 Your Spells              Type           Power        Failure   Level  Hunger
a - Sandblast             Erth           ######       1%          1    None
b - Stone Arrow           Conj/Erth      ####..       3%          3    None
c - Passwall              Tmut/Erth      #####...     1%          2    None
d - Petrify               Tmut/Erth      #####...     6%          4    ##.....
e - Lee's Rapid Deconstr  Erth           ######....   4%          5    ####...
f - Summon Butterflies    Summ           ##......     10%         1    None

Your spell library contained the following spells:

 Spells                   Type           Power        Failure   Level  Hunger
 Call Canine Familiar     Summ           ##......     28%         3    None
 Cause Fear               Hex            ##........   67%         4    ##.....
 Summon Ice Beast         Ice/Summ       ##......     67%         4    ##.....
 Yara's Violent Unravell  Hex/Tmut       ###.......   80%         5    ####...
 Silence                  Hex/Air        ##........   95%         5    ####...
 Summon Mana Viper        Hex/Summ       ##......     95%         5    ####...
 Deflect Missiles         Chrm/Air       ##........   100%        6    ######.
 Summon Hydra             Summ           ##........   100%        7    #######
 Discord                  Hex            ##........   100%        8    #######


Dungeon Overview and Level Annotations

Branches:
Dungeon (11/15)            Temple (1/1) D:6            Lair (2/6) D:10
  Swamp (0/4) Lair:2
  Snake: Lair:2-4    Spider: Lair:2-4       Orc: D:9-12

Altars:
Ashenzari
Cheibriados
Dithmenos
Elyvilon
Fedhas
Gozag
Hepliaklqana
Kikubaaqudgha
Makhleb
Nemelex Xobeh
Okawaru
Qazlal
Ru
Sif Muna
Trog
Uskayaw
Vehumet
Wu Jian
Xom
Yredelemnul
Zin
The Shining One

Shops:
D:5 [   D:8 }   D:11 =

Annotations:
D:8 exclusion: downstairs


Message History

There is a stone staircase leading up here.
The seven-headed hydra bites you. The seven-headed hydra bites you!
The seven-headed hydra bites you.
* * * LOW HITPOINT WARNING * * *
The seven-headed hydra closely misses you.
You block the seven-headed hydra's attack.
The seven-headed hydra bites you!
* * * LOW HITPOINT WARNING * * *
The seven-headed hydra bites you but does no damage.
You climb upwards.
There is a stone staircase leading down here.
Okay, then.
You block the seven-headed hydra's attack.
The seven-headed hydra bites you!
* * * LOW HITPOINT WARNING * * *
The seven-headed hydra bites you.
* * * LOW HITPOINT WARNING * * *
The seven-headed hydra bites you but does no damage.
The seven-headed hydra bites you!
You die...

# ##### #####
###.#.#########P.P#####
......................#
...............>......#
...............D......##
................@.....P#
......................##
......................##
.......................#
#.########.####.......##
### ### #.......#
#.......# #....>..##
#........#


You could see a seven-headed hydra.

Vanquished Creatures
  Harold (D:11)
  3 two-headed ogres
  2 centaur warriors
  3 death yaks
  A deep elf mage (D:7)
  A black mamba (shapeshifter) (D:11)
  3 gargoyles
  2 spiny frogs
  A komodo dragon (Lair:1)
  3 trolls
  5 hippogriffs
  2 wyverns
  10 yaks
  A hungry ghost (D:10)
  2 vampire mosquitoes (Lair:2)
  Grum (D:11)
  4 porcupines
  3 ice beasts
  3 black bears
  3 orc warriors
  3 sky beasts
  5 ogres
  An eye of draining (D:11)
  A phantom (D:8)
  3 centaurs
  8 wolves
  3 crocodiles
  2 big kobolds
  2 gnoll sergeants
  3 bullfrogs
  3 scorpions
  5 wights (D:10)
  4 howler monkeys
  An electric eel (D:8)
  2 crimson imps
  8 jellies
  5 orc priests
  2 hounds (D:5)
  10 orc wizards
  A bullfrog skeleton (D:10)
  6 centaur skeletons
  4 iguanas
  6 worker ants
  A hell rat (D:10)
  2 hound skeletons
  4 worker ant zombies
  A howler monkey skeleton (D:3)
  8 adders
  5 gnolls (D:8)
  A river rat (D:10)
  A shadow imp (D:9)
  An adder skeleton (D:9)
  2 adder zombies
  6 worms
  2 dart slugs
  4 leopard geckos
  43 orcs
  3 ball pythons
  9 bats
  3 giant cockroaches
  6 goblins
  3 hobgoblins (D:2)
  6 jackals
  3 quokkas
  A ball python skeleton (D:3)
  4 frilled lizards
  17 kobolds
  A leopard gecko zombie (D:5)
  2 quokka skeletons
  6 rats
287 creatures vanquished.

Vanquished Creatures (others)
  4 fungi (Lair:2)
  A plant (Lair:2)
5 creatures vanquished.

Grand Total: 292 creatures vanquished

Notes
Turn   | Place    | Note
-------+----------+-------------------------------------------
     0 | D:1      | HumanIsDead the Human Earth Elementalist began the quest
                  | for the Orb.
     0 | D:1      | Reached XP level 1. HP: 13/13 MP: 3/3
   148 | D:1      | Reached XP level 2. HP: 19/19 MP: 1/5
   555 | D:2      | Reached XP level 3. HP: 24/24 MP: 4/6
   982 | D:2      | Found a stormy altar of Qazlal.
   987 | D:2      | Reached XP level 4. HP: 30/30 MP: 2/7
  1043 | D:2      | Learned a level 3 spell: Stone Arrow
  1046 | D:2      | Learned a level 2 spell: Passwall
  1565 | D:3      | Reached skill level 5 in Earth Magic
  1784 | D:3      | Reached XP level 5. HP: 35/35 MP: 1/8
  2542 | D:3      | Reached skill level 1 in Fighting
  2542 | D:3      | Reached XP level 6. HP: 43/43 MP: 2/9
  2808 | D:4      | Noticed a black bear
  3370 | D:4      | Noticed a black bear
  3376 | D:4      | Killed a black bear
  3410 | D:4      | Killed a black bear
  3410 | D:4      | Reached XP level 7. HP: 43/51 MP: 4/10
  4431 | D:5      | Entered Level 5 of the Dungeon
  4794 | D:5      | Found a shattered altar of Ashenzari.
  4907 | D:5      | Found Awnu's Antique Armour Shop.
  5014 | D:5      | Reached XP level 8. HP: 60/60 MP: 1/11
  5406 | D:5      | Found a hide-covered altar of Uskayaw.
  5852 | D:6      | Found a staircase to the Ecumenical Temple.
  5861 | Temple   | Entered the Ecumenical Temple
  6420 | D:6      | Noticed Eustachio
  6471 | D:6      | Noticed Eustachio
  6471 | D:6      | Eustachio changed into Eustachio the scorpion
  6481 | D:6      | Killed Eustachio the scorpion
  7129 | D:7      | Reached skill level 5 in Dodging
  7307 | D:7      | Reached XP level 9. HP: 38/65 MP: 0/16
  7484 | D:7      | Found a shimmering blue altar of Sif Muna.
  7487 | D:7      | Became a worshipper of Sif Muna the Loreminder
  7518 | D:7      | Reached skill level 5 in Spellcasting
  7675 | D:7      | Found a shadowy altar of Dithmenos.
  7742 | D:7      | Found an opulent altar of Gozag.
  7742 | D:7      | Noticed a deep elf mage
  7747 | D:7      | Killed a deep elf mage
  7938 | D:7      | Found an ornate altar of the Wu Jian Council.
  7942 | D:7      | Found an opulent altar of Gozag.
  7955 | D:7      | Found a hide-covered altar of Uskayaw.
  8451 | D:8      | Found Regalewn's Gadget Boutique.
  8457 | D:8      | Noticed a hippogriff
  8466 | D:8      | Killed a hippogriff
  8720 | D:8      | Found a sparkling altar of Nemelex Xobeh.
  9312 | D:8      | Reached XP level 10. HP: 68/71 MP: 13/20
  9319 | D:8      | Found a stormy altar of Qazlal.
  9676 | D:8      | Found a glowing golden altar of the Shining One.
  9804 | D:8      | Found a sparkling altar of Nemelex Xobeh.
  9873 | D:8      | Found Regalewn's Gadget Boutique.
  9875 | D:8      | Found a glowing golden altar of the Shining One.
  9932 | D:8      | Found a stormy altar of Qazlal.
 10246 | D:9      | Noticed a two-headed ogre
 10246 | D:9      | Noticed a two-headed ogre
 10826 | D:9      | Reached * piety under Sif Muna
 11625 | D:8      | Killed a two-headed ogre
 11785 | D:9      | Killed a two-headed ogre
 12225 | D:9      | Learned a level 4 spell: Petrify
 12231 | D:9      | Learned a level 5 spell: Lee's Rapid Deconstruction
 12503 | D:9      | Learned a level 1 spell: Summon Butterflies
 12647 | D:10     | Entered Level 10 of the Dungeon
 12664 | D:10     | Noticed a gargoyle
 12666 | D:10     | Killed a gargoyle
 12666 | D:10     | Reached XP level 11. HP: 61/77 MP: 9/23
 13115 | D:10     | Noticed a centaur warrior
 13124 | D:10     | Killed a centaur warrior
 13386 | D:10     | Noticed a two-headed ogre
 13401 | D:10     | Noticed a death yak
 13618 | D:9      | Killed a two-headed ogre
 13765 | D:10     | Found a staircase to the Lair.
 13765 | D:10     | Noticed a death yak
 13767 | D:10     | Noticed a death yak
 14254 | D:10     | Upgraded the game from 0.24-a0-809-g71cb82dfb8 to 0.24-b1
 14428 | D:10     | Reached skill level 10 in Dodging
 14454 | D:10     | Reached ** piety under Sif Muna
 14500 | D:10     | Reached skill level 10 in Earth Magic
 15241 | D:10     | Killed a death yak
 15671 | D:10     | HP: 3/77 [death yak (28)]
 15797 | D:10     | Killed a death yak
 15797 | D:10     | Reached skill level 1 in Shields
 15797 | D:10     | Reached skill level 10 in Spellcasting
 16659 | D:9      | Killed a death yak
 16659 | D:9      | Reached XP level 12. HP: 44/83 MP: 2/26
 17003 | D:11     | Reached skill level 1 in Invocations
 17561 | D:11     | Noticed Grum
 17749 | D:11     | Killed Grum
 18009 | D:11     | Noticed Harold
 18125 | D:11     | Reached skill level 5 in Fighting
 18810 | D:11     | Found Cynk's Jewellery Emporium.
 19368 | D:11     | Noticed a centaur warrior
 19381 | D:11     | Killed a centaur warrior
 19646 | D:11     | Killed Harold
 19646 | D:11     | Reached *** piety under Sif Muna
 19646 | D:11     | Reached skill level 5 in Invocations
 19842 | Lair:1   | Entered Level 1 of the Lair of Beasts
 20594 | Lair:2   | Noticed a seven-headed hydra
 20692 | Lair:2   | Found a staircase to the Swamp.
 21511 | Lair:1   | HP: 1/91 [seven-headed hydra (5)]
 21511 | Lair:1   | Mangled by a seven-headed hydra

Skill      XL: |  1  2  3  4  5  6  7  8  9 10 11 12 |
---------------+-------------------------------------+-----
Earth Magic    | 4 5 6 7 9 10 | 10.0
Fighting       | 1 2 4 7 |  7.4
Dodging        | 5 7 9 10 | 10.0
Spellcasting   | 4 6 8 10 | 10.1
Shields        | 4 |  4.0
Invocations    | 6 |  6.5
Transmutations | 3 |  3.0
Stealth        | |  2.0

Action                   |  1- 3 |  4- 6 |  7- 9 | 10-12 || total
-------------------------+-------+-------+-------+-------++-------
Melee: Short sword       |     6 |    37 |       |       ||    43
       Dagger            |     2 |     7 |    39 |       ||    48
       Whip              |       |       |       |   118 ||   118
Throw: Throwing net      |       |       |       |     1 ||     1
 Cast: Sandblast         |    39 |    40 |    41 |    75 ||   195
       Stone Arrow       |       |    24 |   108 |   354 ||   486
       Lee's Rapid Decon |       |       |       |     8 ||     8
       Petrify           |       |       |       |    10 ||    10
Invok: Channel Magic     |       |       |       |     1 ||     1
Evoke: Wand              |       |       |     2 |     8 ||    10
  Use: Scroll            |     1 |     4 |     3 |    13 ||    21
       Potion            |       |       |       |     2 ||     2
 Stab: Sleeping          |     1 |     2 |       |       ||     3
       Petrified         |       |       |       |     4 ||     4
       Petrifying        |       |       |       |     1 ||     1
  Eat: Chunk             |     1 |     8 |    23 |    28 ||    60
       Ration            |       |     1 |     1 |     4 ||     6
Armor: Robe              |     5 |    18 |    31 |    41 ||    95
       Leather armour    |       |       |       |    11 ||    11
Dodge: Dodged            |    12 |    69 |    58 |   299 ||   438
Block: Buckler           |       |       |       |    67 ||    67
